[Event "ICC tourney 2556 (25 5)"]
[Site "Internet Chess Club"]
[Date "2021.05.08"]
[Round "4"]
[White "LANG, CONNOR:K05-15878215"]
[Black "LAYTON KOGAN, YELISEY:K05-17266128"]
[Result "0-1"]
[ICCResult "White resigns"]
[WhiteElo "1275"]
[BlackElo "759"]
[Opening "QGA: 3.e4"]
[ECO "D20"]
[NIC "QG.04"]
[Time "17:34:16"]
[PlyCount "110"]
[TimeControl "1500+5"]

1. d4 d5 2. c4 dxc4 3. e4 Nf6 4. e5 Nd5 5. Nf3 b5 6. a4 Ba6 7. axb5 Bxb5 8.
Nc3 Nxc3 9. bxc3 e6 10. Bf4 Be7 11. Be2 Nc6 12. O-O a6 13. Qc2 Qd5 14. h3
O-O 15. Rfb1 Rfb8 16. Nd2 f6 17. Bf3 Qd8 18. exf6 Bxf6 19. Ne4 Ra7 20. Nc5
e5 21. dxe5 Bxe5 22. Bxe5 Nxe5 23. Ne6 Nxf3+ 24. gxf3 Qf6 25. Re1 Re8 26.
Qd2 Rxe6 27. Qd5 Kf7 28. Rad1 Bc6 29. Qxc4 Ke7 30. Qb4+ Ke8 31. Qc4 Rxe1+
32. Rxe1+ Kd7 33. Qd3+ Qd6 34. Qf5+ Kd8 35. Qg5+ Kc8 36. Qxg7 Bxf3 37. Qg8+
Kb7 38. Qb3+ Qb6 39. Qf7 Qg6+ 40. Qxg6 hxg6 41. Re3 Bc6 42. Rg3 Be4 43. Rg4
Bf5 44. Rf4 Bxh3 45. c4 Bf5 46. f3 a5 47. Rd4 a4 48. c5 a3 49. Rd1 a2 50.
Ra1 Kc6 51. f4 Kxc5 52. Rc1+ Kd6 53. Rd1+ Ke6 54. Re1+ Kf6 55. Ra1 c5 {
White resigns } 0-1

[Event "ICC tourney 2556 (25 5)"]
[Site "Internet Chess Club"]
[Date "2021.05.08"]
[Round "4"]
[White "QIAO, MASON:K05-17196377"]
[Black "MARIAN, AARON:K05-15799497"]
[Result "0-1"]
[ICCResult "White resigns"]
[WhiteElo "957"]
[BlackElo "1400"]
[Opening "Sicilian"]
[ECO "B56"]
[NIC "SI.03"]
[Time "17:32:43"]
[PlyCount "118"]
[TimeControl "1500+5"]

1. e4 c5 2. Nf3 d6 3. d4 cxd4 4. Nxd4 Nf6 5. Nc3 e5 6. Nf3 a6 7. Bc4 Nc6 8.
O-O Bg4 9. h3 Bh5 10. Be2 b5 11. Nh2 Bxe2 12. Qxe2 Nd4 13. Qd3 Rc8 14. Be3
b4 15. Nd5 Nxc2 16. Nxf6+ gxf6 17. Rac1 Nxe3 18. Rxc8 Qxc8 19. Qxe3 Rg8 20.
Ng4 Be7 21. Rc1 Qb7 22. Re1 f5 23. exf5 h5 24. f6 Bd8 25. Qe4 Qxe4 26. Rxe4
hxg4 27. Rxg4 Rxg4 28. hxg4 Bxf6 29. f3 e4 30. b3 e3 31. Kf1 Kd7 32. Ke2
Bg5 33. g3 d5 34. f4 Bf6 35. Kxe3 Kd6 36. g5 Bg7 37. f5 Be5 38. g4 Kc5 39.
Kd3 d4 40. Ke4 Kd6 41. Kd3 Kd5 42. g6 fxg6 43. fxg6 a5 44. g5 Bg7 45. Kd2
Ke4 46. Ke2 d3+ 47. Kd2 Bc3+ 48. Kd1 Ke3 49. Kc1 Kf4 50. Kd1 Kxg5 51. g7
Bxg7 52. Kd2 Kf4 53. Kxd3 Be5 54. Kc4 Ke4 55. Kb5 Bc7 56. Kc4 Ke3 57. a4
bxa3 58. Kc3 Be5+ 59. Kc2 a2 { White resigns } 0-1

[Event "ICC tourney 2556 (25 5)"]
[Site "Internet Chess Club"]
[Date "2021.05.08"]
[Round "4"]
[White "NEWELL, LOGAN:K05-17048236"]
[Black "YANG, ANGIE:K05-16341612"]
[Result "0-1"]
[ICCResult "White checkmated"]
[WhiteElo "566"]
[BlackElo "932"]
[Opening "Vienna gambit"]
[ECO "C29"]
[NIC "VG.04"]
[Time "17:33:18"]
[PlyCount "142"]
[TimeControl "1500+5"]

1. e4 e5 2. Nc3 Nf6 3. f4 Nc6 4. Nf3 d6 5. Bb5 Qe7 6. Bxc6+ bxc6 7. d4 exd4
8. Nxd4 c5 9. Nf3 Nxe4 10. Nxe4 Qxe4+ 11. Qe2 Qxe2+ 12. Kxe2 Be7 13. Ng5
Ba6+ 14. Kf3 h6 15. Ne4 O-O 16. Re1 d5 17. Ng3 Bd6 18. Nf5 d4 19. Nxd6 cxd6
20. c3 Rfe8 21. Rxe8+ Rxe8 22. cxd4 cxd4 23. Bd2 Bb7+ 24. Kf2 d3 25. Re1
Be4 26. f5 g6 27. fxg6 fxg6 28. Bxh6 d5 29. b4 Kh7 30. Bd2 Rf8+ 31. Ke3
Bxg2 32. Kd4 Be4 33. a4 Rf2 34. Be3 Rb2 35. b5 Rb4+ 36. Kc5 Rxa4 37. b6
axb6+ 38. Kxb6 Rb4+ 39. Kc5 Rc4+ 40. Kd6 d4 41. Bd2 Rc2 42. Bf4 Bf3 43. Rc1
d2 44. Rxc2 d1=Q 45. Rc7+ Kg8 46. Rc8+ Kf7 47. Rc7+ Kf6 48. Be5+ Kf5 49.
Rf7+ Ke4 50. Rf4+ Ke3 51. Rxd4 Qb3 52. Rf4 Qb6+ 53. Ke7 Qb7+ 54. Kf6 Qc6+
55. Kg5 Be4 56. Rf6 Qd5 57. Rf1 Qxe5+ 58. Kg4 Bf5+ 59. Kg5 Qe7+ 60. Kh6
Qh4+ 61. Kg7 g5 62. Rxf5 Qd4+ 63. Kg6 Qe4 64. Kxg5 Qe7+ 65. Kg4 Qg7+ 66.
Kh5 Ke4 67. Rg5 Qh7+ 68. Kg4 Qxh2 69. Rh5 Qe2+ 70. Kh4 Kf4 71. Rg5 Qh2# {
White checkmated } 0-1

[Event "ICC tourney 2556 (25 5)"]
[Site "Internet Chess Club"]
[Date "2021.05.08"]
[Round "4"]
[White "KOVARIK, OTTO:K05-30020818"]
[Black "SONG, BLAISE:K05-17154525"]
[Result "1/2-1/2"]
[ICCResult "Game drawn by mutual agreement"]
[WhiteElo "900"]
[BlackElo "546"]
[Opening "Nimzovich-Larsen attack: modern variation"]
[ECO "A01"]
[NIC "VO.08"]
[Time "17:34:15"]
[PlyCount "85"]
[TimeControl "1500+5"]

1. b3 e5 2. Bb2 Nc6 3. d3 d5 4. Nd2 Nf6 5. Ngf3 Bd6 6. g3 O-O 7. Bg2 Re8 8.
O-O h6 9. Re1 e4 10. dxe4 dxe4 11. Nd4 Nxd4 12. Bxd4 c5 13. Bb2 Bf5 14. Nc4
Re6 15. Qd2 b5 16. Ne3 Bg6 17. Rad1 Be7 18. Bh3 Rd6 19. Qc1 Rxd1 20. Rxd1
Qc7 21. Bxf6 Bxf6 22. Nd5 Qe5 23. Nxf6+ Qxf6 24. Rd7 Bf5 25. Bxf5 Qxf5 26.
Qd2 Qf6 27. Qe3 Qe6 28. Rd1 Qe5 29. f3 Qe7 30. Qxe4 Qxe4 31. fxe4 Re8 32.
Rd5 Rxe4 33. Kf1 c4 34. Rxb5 cxb3 35. cxb3 Re7 36. a4 Kf8 37. a5 Ke8 38. a6
Re6 39. Ra5 Kd7 40. b4 Kc7 41. b5 Kb6 42. Ra1 Kxb5 43. Rd1 { Game drawn by
mutual agreement } 1/2-1/2

[Event "ICC tourney 2556 (25 5)"]
[Site "Internet Chess Club"]
[Date "2021.05.08"]
[Round "4"]
[White "DOPPALAPUDI, ADITH:K05-16534365"]
[Black "PETUKHOV, ARTHUR:K05-16615802"]
[Result "0-1"]
[ICCResult "White checkmated"]
[WhiteElo "910"]
[BlackElo "1287"]
[Opening "English: Anglo-Grünfeld defense"]
[ECO "A05"]
[NIC "QP.11"]
[Time "17:31:42"]
[PlyCount "66"]
[TimeControl "1500+5"]

1. Nf3 Nf6 2. c4 d5 3. cxd5 Nxd5 4. Nc3 Bf5 5. Qb3 Nb6 6. e4 Bg6 7. d4 e6
8. Bd3 c5 9. Bb5+ N8d7 10. Bf4 a6 11. Bd3 cxd4 12. Ne2 Nc5 13. Qc2 Bxe4 14.
Bxe4 d3 15. Qd2 Nxe4 16. Qe3 Bb4+ 17. Nc3 Nxc3 18. O-O Ne2+ 19. Kh1 Nd5 20.
Qe5 Nexf4 21. Rac1 O-O 22. g3 Ng6 23. Qd4 d2 24. Nxd2 Bxd2 25. Qxd2 Rc8 26.
Rcd1 Qf6 27. f4 Rfd8 28. f5 exf5 29. Qa5 Ne3 30. Rxd8+ Rxd8 31. Rc1 Qc6+
32. Rxc6 Rd1+ 33. Qe1 Rxe1# { White checkmated } 0-1

[Event "ICC tourney 2556 (25 5)"]
[Site "Internet Chess Club"]
[Date "2021.05.08"]
[Round "4"]
[White "JAYAPRAKASH, NANDAN:K05-16292014"]
[Black "AGNIHOTRI, AADI:K05-16443397"]
[Result "0-1"]
[ICCResult "White checkmated"]
[WhiteElo "848"]
[BlackElo "1183"]
[Opening "Queen's pawn game, Krause variation"]
[ECO "D02"]
[NIC "QP.08"]
[Time "17:34:16"]
[PlyCount "128"]
[TimeControl "1500+5"]

1. d4 d5 2. Nf3 c5 3. Bf4 Bf5 4. e3 Nc6 5. c4 e6 6. Nc3 Nf6 7. Nh4 Bg4 8.
Be2 Bxe2 9. Qxe2 h6 10. Nf3 g5 11. Bg3 Be7 12. h4 gxh4 13. Bxh4 cxd4 14.
Nxd4 Nxd4 15. exd4 Rc8 16. c5 b6 17. cxb6 Qxb6 18. Qb5+ Qxb5 19. Nxb5 a6
20. Bxf6 Bxf6 21. Nd6+ Kd7 22. Nxc8 Kxc8 23. O-O-O Kd7 24. Kc2 Rc8+ 25. Kd3
Bg7 26. Rc1 Rb8 27. Rc2 Rb4 28. Rh4 e5 29. a3 e4+ 30. Ke2 Rxd4 31. f3 exf3+
32. Kxf3 Rxh4 33. Rd2 Kd6 34. b3 Be5 35. a4 Rf4+ 36. Ke3 Re4+ 37. Kf3 Bd4
38. Kg3 Bc5 39. Rd3 Re3+ 40. Rxe3 Bxe3 41. Kf3 Bd2 42. Ke2 Bb4 43. Kd3 Kc5
44. Kc2 d4 45. Kd3 Kd5 46. g3 Be1 47. g4 f6 48. Ke2 Bg3 49. Kf3 Bh4 50. Ke2
Bg5 51. Kd3 a5 52. Kc2 Ke4 53. b4 axb4 54. a5 Bf4 55. a6 Bb8 56. Kb3 d3 57.
Kb2 Ke3 58. Kc1 Ke2 59. a7 Bxa7 60. g5 hxg5 61. Kb2 d2 62. Kb3 d1=Q+ 63.
Kb2 Bd4+ 64. Ka2 Qc2# { White checkmated } 0-1

[Event "ICC tourney 2556 (25 5)"]
[Site "Internet Chess Club"]
[Date "2021.05.08"]
[Round "4"]
[White "DUNIKOV, GLIB:K05-16572317"]
[Black "RAJARAM, ROHAN:K05-15739716"]
[Result "0-1"]
[ICCResult "White checkmated"]
[WhiteElo "1502"]
[BlackElo "1905"]
[Opening "Sicilian: wing gambit, Marshall variation"]
[ECO "B20"]
[NIC "SI.48"]
[Time "17:31:41"]
[PlyCount "64"]
[TimeControl "1500+5"]

1. e4 c5 2. b4 cxb4 3. a3 e6 4. d4 Nf6 5. Bd3 Nc6 6. Nf3 Be7 7. O-O O-O 8.
e5 Nd5 9. Qe2 f5 10. exf6 Nxf6 11. Bg5 d5 12. Nbd2 h6 13. Bh4 Qc7 14. Rac1
Bd6 15. axb4 Nxb4 16. Bg6 Na2 17. Ra1 Nc3 18. Qd3 Bd7 19. Ne5 Bb5 20. Qh3
Ne2+ 21. Kh1 Nf4 22. Qg4 Nxg4 23. Bd3 Bxd3 24. Nxd3 Nxd3 25. cxd3 Qc2 26.
Nf3 Qxd3 27. Rfe1 Rxf3 28. gxf3 Qxf3+ 29. Kg1 Qh3 30. Bg3 Bxg3 31. Ra6
Qxh2+ 32. Kf1 Qxf2# { White checkmated } 0-1

[Event "ICC tourney 2556 (25 5)"]
[Site "Internet Chess Club"]
[Date "2021.05.08"]
[Round "4"]
[White "AMRANY, BENJAMIN:K05-17261253"]
[Black "MANIMARAN, SHIVANI:K05-16614018"]
[Result "1-0"]
[ICCResult "Black checkmated"]
[WhiteElo "1241"]
[BlackElo "866"]
[Opening "Old Indian defense"]
[ECO "A53"]
[NIC "OI.04"]
[Time "17:33:15"]
[PlyCount "129"]
[TimeControl "1500+5"]

1. d4 d6 2. c4 Nf6 3. Nc3 c6 4. Nf3 Qa5 5. Bd2 Qc7 6. e4 e5 7. d5 cxd5 8.
cxd5 Bg4 9. Rc1 Qd8 10. Bb5+ Bd7 11. Qa4 Be7 12. Bxd7+ Qxd7 13. Qxd7+ Nbxd7
14. Nb5 O-O 15. Bg5 Nc5 16. Bxf6 Bxf6 17. O-O Nxe4 18. Rfe1 Ng5 19. Nxg5
Bxg5 20. Rc7 Rfb8 21. g3 Bd8 22. Rd7 Ba5 23. Re2 Bb4 24. a3 Bc5 25. b4 Bb6
26. Nxd6 f6 27. Nf5 g6 28. Nh6+ Kh8 29. Kg2 Bd8 30. f4 a5 31. fxe5 f5 32.
e6 Bf6 33. e7 axb4 34. axb4 Bg7 35. Rd8+ Rxd8 36. exd8=Q+ Rxd8 37. Nf7+ Kg8
38. Nxd8 Kf8 39. Nxb7 Kf7 40. Rd2 Bc3 41. Rd3 Bxb4 42. d6 Bxd6 43. Nxd6+
Ke7 44. Nxf5+ gxf5 45. Rf3 Kf6 46. g4 Kg5 47. Rxf5+ Kxg4 48. Rf7 h5 49. h3+
Kh4 50. Ra7 Kg5 51. Kg3 h4+ 52. Kf3 Kh5 53. Ra5+ Kh6 54. Kg4 Kg6 55. Kxh4
Kf6 56. Rg5 Kf7 57. Kg4 Ke7 58. h4 Kf7 59. h5 Ke7 60. h6 Kf7 61. h7 Ke7 62.
h8=Q Kf7 63. Qh6 Ke7 64. Rg7+ Kf8 65. Qh8# { Black checkmated } 1-0

[Event "ICC tourney 2556 (25 5)"]
[Site "Internet Chess Club"]
[Date "2021.05.08"]
[Round "4"]
[White "L LIU, JASON:K05-15325166"]
[Black "MUKHOPADHYAY, ANUSHA:K05-16454747"]
[Result "1-0"]
[ICCResult "Black checkmated"]
[WhiteElo "1615"]
[BlackElo "1057"]
[Opening "French: advance, Nimzovich system"]
[ECO "C02"]
[NIC "FR.03"]
[Time "17:31:48"]
[PlyCount "97"]
[TimeControl "1500+5"]

1. e4 e6 2. d4 d5 3. e5 c5 4. Nf3 cxd4 5. Nxd4 Nc6 6. Nc3 Nxe5 7. Bb5+ Bd7
8. Bxd7+ Qxd7 9. Qe2 Nc6 10. Nf3 Nf6 11. O-O Bd6 12. Rd1 O-O 13. Bg5 Ne8
14. Qe3 h6 15. Bxh6 gxh6 16. Qxh6 Be5 17. Qg5+ Bg7 18. Ne4 Qd8 19. Qg3 Nf6
20. Neg5 Nh5 21. Qh3 Nf6 22. Qh4 Ne7 23. Ne5 Nf5 24. Qh3 Qd6 25. Ng4 Rfc8
26. Nxf6+ Kf8 27. Nfh7+ Ke7 28. Re1 Bf6 29. Qxf5 Rh8 30. Qxf6+ Kd7 31.
Qxf7+ Kc6 32. Rxe6 Qxe6 33. Qxe6+ Kc5 34. Rd1 Rad8 35. Nf7 Rhe8 36. Nxd8
Rxe6 37. Nxe6+ Kc4 38. Nf6 Kb5 39. h4 Kc6 40. h5 Kd6 41. h6 Kxe6 42. h7
Kxf6 43. h8=Q+ Ke6 44. Re1+ Kd6 45. Qe5+ Kc5 46. Rd1 Kc4 47. Qxd5+ Kb4 48.
a3+ Ka4 49. Rd4# { Black checkmated } 1-0

[Event "ICC tourney 2556 (25 5)"]
[Site "Internet Chess Club"]
[Date "2021.05.08"]
[Round "4"]
[White "VELLORE, INAY:K05-15913368"]
[Black "LUNA, LIAM:K05-16268715"]
[Result "1-0"]
[ICCResult "Black checkmated"]
[WhiteElo "1427"]
[BlackElo "989"]
[Opening "Sicilian: accelerated fianchetto, modern variation"]
[ECO "B76"]
[NIC "SI.33"]
[Time "17:32:55"]
[PlyCount "53"]
[TimeControl "1500+5"]

1. e4 c5 2. Nf3 Nc6 3. d4 cxd4 4. Nxd4 g6 5. Nc3 Bg7 6. Be3 Nf6 7. f3 d6 8.
Qd2 O-O 9. h4 a6 10. g4 b5 11. Nxc6 Qc7 12. Nb4 Bb7 13. Bd4 Rad8 14. h5 d5
15. e5 Nd7 16. hxg6 fxg6 17. Nbxd5 Bxd5 18. Nxd5 Qb8 19. Nxe7+ Kh8 20.
Nxg6+ Kg8 21. Ne7+ Kh8 22. Rxh7+ Kxh7 23. Bd3+ Rf5 24. Bxf5+ Kh8 25. Qh2+
Bh6 26. e6+ Nf6 27. Bxf6# { Black checkmated } 1-0

[Event "ICC tourney 2556 (25 5)"]
[Site "Internet Chess Club"]
[Date "2021.05.08"]
[Round "4"]
[White "CARPENTER, CHARLES:K05-30129267"]
[Black "MANTRI, SIDHARTH:K05-16467263"]
[Result "0-1"]
[ICCResult "White checkmated"]
[WhiteElo "490"]
[BlackElo "901"]
[Opening "Scotch gambit"]
[ECO "C44"]
[NIC "SO.06"]
[Time "17:33:13"]
[PlyCount "102"]
[TimeControl "1500+5"]

1. e4 e5 2. Nf3 Nc6 3. d4 exd4 4. Bc4 Bc5 5. c3 dxc3 6. Bxf7+ Kxf7 7. Qd5+
Ke8 8. Qxc5 cxb2 9. Bxb2 d6 10. Qe3 Nf6 11. Bxf6 Qxf6 12. Nc3 Bg4 13. O-O
Bxf3 14. Qxf3 Qxf3 15. gxf3 Ne5 16. f4 Nc6 17. Nd5 Rc8 18. Rab1 b6 19. Rbc1
Kd7 20. Rfd1 Ne7 21. e5 Nxd5 22. Rxd5 Ke6 23. Rcd1 dxe5 24. Rxe5+ Kf6 25.
Rd7 Rhd8 26. Rxd8 Rxd8 27. Re4 Rd1+ 28. Kg2 Ra1 29. a4 Rc1 30. Re2 Rc4 31.
Ra2 Rxf4 32. Kg3 Rc4 33. h4 Rc1 34. h5 c5 35. Kh4 c4 36. Ra3 c3 37. f4 c2
38. Rc3 Rh1+ 39. Kg4 c1=Q 40. Rxc1 Rxc1 41. a5 b5 42. a6 b4 43. h6 gxh6 44.
f5 b3 45. Kh5 b2 46. Kg4 b1=Q 47. Kh5 Qxf5+ 48. Kh4 Rc4+ 49. Kg3 Qd3+ 50.
Kh2 Rc2+ 51. Kg1 Qd1# { White checkmated } 0-1

[Event "ICC tourney 2556 (25 5)"]
[Site "Internet Chess Club"]
[Date "2021.05.08"]
[Round "4"]
[White "YANG, DANIEL:K05-16464806"]
[Black "SETHI, KANWAR:K05-16874098"]
[Result "1-0"]
[ICCResult "Black resigns"]
[WhiteElo "1597"]
[BlackElo "852"]
[Opening "QGD: exchange, positional line"]
[ECO "D35"]
[NIC "QO.16"]
[Time "17:32:48"]
[PlyCount "103"]
[TimeControl "1500+5"]

1. d4 Nf6 2. c4 e6 3. Nc3 d5 4. cxd5 exd5 5. Bg5 Be7 6. e3 O-O 7. Bd3 Nbd7
8. Nge2 b6 9. O-O Bb7 10. f3 c5 11. Bh4 cxd4 12. Nxd4 Nc5 13. Bc2 Nfd7 14.
Bxe7 Qxe7 15. Nf5 Qe5 16. f4 Qe6 17. Nxd5 Bxd5 18. Qxd5 Qxd5 19. Ne7+ Kh8
20. Nxd5 Rfd8 21. Rad1 Nf8 22. e4 Ng6 23. b4 Nb7 24. g3 Rac8 25. Bb3 Nd6
26. Rfe1 Nc4 27. e5 Rc6 28. Re4 b5 29. Red4 h6 30. Kf2 Kh7 31. Kf3 Re8 32.
Bxc4 bxc4 33. Rc1 Rec8 34. Rc3 Ra6 35. a3 h5 36. Ne3 f6 37. exf6 Rxf6 38.
Ke2 h4 39. Rcxc4 Rxc4 40. Rxc4 hxg3 41. hxg3 Ra6 42. Rc3 Re6 43. f5 Rxe3+
44. Rxe3 Nf8 45. Re7 Kg8 46. Rxa7 Nh7 47. b5 Nf6 48. b6 Nd5 49. b7 Kh7 50.
b8=Q Nc3+ 51. Kd3 Nd5 52. Qb7 { Black resigns } 1-0

[Event "ICC tourney 2556 (25 5)"]
[Site "Internet Chess Club"]
[Date "2021.05.08"]
[Round "4"]
[White "PARIZIANU, PHILIP:K05-16138477"]
[Black "JAVERI, KIAAN:K05-16378244"]
[Result "1-0"]
[ICCResult "Black resigns"]
[WhiteElo "1334"]
[BlackElo "915"]
[Opening "Bishop's opening: Berlin defense"]
[ECO "C24"]
[NIC "IG.04"]
[Time "17:32:47"]
[PlyCount "47"]
[TimeControl "1500+5"]

1. e4 e5 2. Bc4 Nf6 3. d3 d5 4. exd5 Nxd5 5. Bxd5 Qxd5 6. Qf3 Qd4 7. Nc3
Bb4 8. Ne2 Bxc3+ 9. Nxc3 Bg4 10. Qg3 O-O 11. O-O Nc6 12. Be3 Qd7 13. h3 Bf5
14. f4 Nb4 15. Bc5 Rfe8 16. Bxb4 Qd4+ 17. Kh1 Qxb4 18. Rab1 Re6 19. Qg5 Rf6
20. fxe5 h6 21. Qe3 Re8 22. Nd5 Qh4 23. Nxf6+ gxf6 24. Rxf5 { Black resigns
} 1-0

[Event "ICC tourney 2556 (25 5)"]
[Site "Internet Chess Club"]
[Date "2021.05.08"]
[Round "4"]
[White "ARAVINDAKSHAN, SAHANA:K05-16741147"]
[Black "ADEWUMI, TANITOLUWA:K05-16649696"]
[Result "0-1"]
[ICCResult "White checkmated"]
[WhiteElo "1587"]
[BlackElo "2132"]
[Opening "King's Indian: 4.e4"]
[ECO "E76"]
[NIC "KI.32"]
[Time "17:32:36"]
[PlyCount "110"]
[TimeControl "1500+5"]

1. d4 Nf6 2. c4 g6 3. Nc3 Bg7 4. e4 O-O 5. f4 d6 6. Nf3 Bg4 7. Be2 Bxf3 8.
Bxf3 Nc6 9. Be3 e5 10. fxe5 dxe5 11. d5 Nd4 12. O-O Nd7 13. Bxd4 exd4 14.
Ne2 c5 15. dxc6 bxc6 16. Nxd4 Qb6 17. Kh1 Qxd4 18. Qxd4 Bxd4 19. Rad1 c5
20. b3 Ne5 21. Be2 a5 22. a4 Rab8 23. Rb1 Rb4 24. Bd1 Nd3 25. Bc2 Nf2+ 26.
Kg1 Nxe4+ 27. Kh1 Nd2 28. Rfd1 Nxb1 29. Rxb1 Re8 30. g3 Re2 31. Bd1 Rb2 32.
Rc1 R4xb3 33. Bxb3 Rxb3 34. Kg2 Ra3 35. Kf1 Rxa4 36. Kg2 Ra1 37. Rc2 a4 38.
Kf3 a3 39. Ke2 a2 40. Kd2 Rh1 41. Rxa2 Rxh2+ 42. Kd3 Rxa2 43. Ke4 Ra3 44.
Kd5 Rc3 45. g4 Rg3 46. g5 Rxg5+ 47. Kc6 h5 48. Kb5 h4 49. Kc6 h3 50. Kb5 h2
51. Kc6 h1=Q+ 52. Kb5 Qb7+ 53. Ka5 Rg3 54. Ka4 Bb2 55. Ka5 Ra3# { White
checkmated } 0-1

[Event "ICC tourney 2556 (25 5)"]
[Site "Internet Chess Club"]
[Date "2021.05.08"]
[Round "4"]
[White "MANIKANDAN, SIDDHARTH:K05-15223658"]
[Black "VEMPARALA, NIKASH:K05-16438800"]
[Result "1-0"]
[ICCResult "Black checkmated"]
[WhiteElo "1445"]
[BlackElo "1764"]
[Opening "Giuoco Piano"]
[ECO "C54"]
[NIC "IG.02"]
[Time "17:32:55"]
[PlyCount "63"]
[TimeControl "1500+5"]

1. e4 e5 2. Nf3 Nc6 3. Bc4 Bc5 4. c3 Nf6 5. d4 exd4 6. cxd4 Bb4+ 7. Bd2
Bxd2+ 8. Nbxd2 d5 9. exd5 Nxd5 10. O-O O-O 11. Re1 Bg4 12. h3 Bh5 13. Nb3
Nb6 14. Be2 Bg6 15. Nc5 Rb8 16. Ne5 Nxd4 17. Bg4 f5 18. Nxg6 hxg6 19. Bf3
c6 20. Nd3 Nxf3+ 21. Qxf3 Re8 22. Ne5 Qf6 23. Qb3+ Kh7 24. f4 Rbd8 25. Nf7
Rxe1+ 26. Rxe1 Rf8 27. Ng5+ Kh8 28. Qg3 Qd4+ 29. Kh1 Rc8 30. Qh4+ Kg8 31.
Qh7+ Kf8 32. Qh8# { Black checkmated } 1-0

[Event "ICC tourney 2556 (25 5)"]
[Site "Internet Chess Club"]
[Date "2021.05.08"]
[Round "4"]
[White "PALAVALASA, YATHIN:K05-16801353"]
[Black "PATEL, DARSH:K05-16084348"]
[Result "1-0"]
[ICCResult "Black checkmated"]
[WhiteElo "825"]
[BlackElo "439"]
[Opening "Bishop's opening"]
[ECO "C23"]
[NIC "IG.04"]
[Time "17:33:39"]
[PlyCount "51"]
[TimeControl "1500+5"]

1. e4 e5 2. Bc4 Nc6 3. d3 Nf6 4. Nc3 Bc5 5. Bg5 h6 6. Bh4 d6 7. Qd2 g5 8.
Bg3 Nd4 9. Nge2 Bg4 10. Nxd4 Bxd4 11. f3 Bh5 12. Bf2 Bxf2+ 13. Qxf2 O-O 14.
O-O-O g4 15. Rhg1 gxf3 16. gxf3+ Kh7 17. d4 a6 18. dxe5 dxe5 19. Rxd8 Rfxd8
20. Bd3 Kh8 21. f4 Ng4 22. Qf3 Nf6 23. Qf1 exf4 24. Qxf4 Rd6 25. Qxh6+ Nh7
26. Qg7# { Black checkmated } 1-0

[Event "ICC tourney 2556 (25 5)"]
[Site "Internet Chess Club"]
[Date "2021.05.08"]
[Round "4"]
[White "BUCHIREDDY, ARYAN:K05-17330263"]
[Black "MCGRORY, HARRY:K05-16885873"]
[Result "1-0"]
[ICCResult "Black resigns"]
[WhiteElo "843"]
[BlackElo "474"]
[Opening "Evans gambit"]
[ECO "C51"]
[NIC "IG.05"]
[Time "17:34:16"]
[PlyCount "85"]
[TimeControl "1500+5"]

1. e4 e5 2. Nf3 Nc6 3. Bc4 Bc5 4. b4 Bxb4 5. c3 Bc5 6. d4 exd4 7. O-O Nf6
8. cxd4 Bb4 9. a3 Ba5 10. e5 Ne4 11. Qe2 d5 12. Bd3 Bf5 13. Bd2 Bxd2 14.
Nbxd2 O-O 15. Bxe4 dxe4 16. Nxe4 Bg4 17. Ned2 Nxd4 18. Qe4 Bxf3 19. Nxf3 c5
20. Nxd4 cxd4 21. Rfd1 f5 22. Qxb7 Qb6 23. Qxb6 axb6 24. Rxd4 Rfe8 25. f4
b5 26. Rb4 Rab8 27. Rab1 Rbc8 28. Rxb5 Rc2 29. Rb8 Kf7 30. R1b7+ Kf8 31.
Rxe8+ Kxe8 32. Rxg7 Rc1+ 33. Kf2 Rc2+ 34. Ke1 h5 35. a4 Rc1+ 36. Kd2 Ra1
37. Ra7 Ra2+ 38. Ke3 Ra3+ 39. Kd2 Ra2+ 40. Kc3 Rxg2 41. a5 h4 42. a6 Rc2+
43. Kxc2 { Black resigns } 1-0

[Event "ICC tourney 2556 (25 5)"]
[Site "Internet Chess Club"]
[Date "2021.05.08"]
[Round "4"]
[White "CHEN, LAFAYETTE:K05-16910808"]
[Black "SAENZ, DANIEL:K05-16885041"]
[Result "1-0"]
[ICCResult "Black checkmated"]
[WhiteElo "1483"]
[BlackElo "1018"]
[Opening "English: Carls' Bremen system"]
[ECO "A22"]
[NIC "EO.10"]
[Time "17:33:42"]
[PlyCount "65"]
[TimeControl "1500+5"]

1. c4 e5 2. Nc3 Nf6 3. g3 Nc6 4. Bg2 Bb4 5. e4 d6 6. Nge2 Bg4 7. h3 Bh5 8.
a3 Bc5 9. O-O O-O 10. Kh2 Nd4 11. f3 Nd7 12. g4 Bg6 13. Nxd4 Bxd4 14. Qe2
Qg5 15. d3 Qh4 16. Nb5 Bb6 17. f4 exf4 18. Bxf4 Ne5 19. c5 Bxc5 20. d4 a6
21. Nxc7 Rac8 22. dxc5 Rxc7 23. cxd6 Rc5 24. b4 Rb5 25. a4 Rxb4 26. Bxe5 f5
27. exf5 Bxf5 28. gxf5 Rc8 29. Bg3 Qg5 30. Qe6+ Kf8 31. d7 Rc3 32. Bd6+ Qe7
33. d8=Q# { Black checkmated } 1-0

[Event "ICC tourney 2556 (25 5)"]
[Site "Internet Chess Club"]
[Date "2021.05.08"]
[Round "4"]
[White "PANDE, RAYANSH:K05-16097942"]
[Black "KASTURI, SAHANA:K05-16916485"]
[Result "1-0"]
[ICCResult "Black checkmated"]
[WhiteElo "1097"]
[BlackElo "597"]
[Opening "QGD: Marshall defense"]
[ECO "D06"]
[NIC "QP.08"]
[Time "17:33:54"]
[PlyCount "61"]
[TimeControl "1500+5"]

1. d4 d5 2. c4 Nf6 3. Nf3 Nc6 4. Nc3 Bf5 5. e3 e6 6. a3 Bd6 7. Bd3 O-O 8.
Bxf5 exf5 9. c5 Be7 10. O-O Ne4 11. h3 Nxc3 12. bxc3 a5 13. Nh2 Na7 14. Qf3
c6 15. Qxf5 b6 16. Qg4 bxc5 17. dxc5 Bxc5 18. Rd1 Bb6 19. e4 Bc7 20. Bh6 g6
21. Bxf8 Qxf8 22. exd5 Qd6 23. Nf3 cxd5 24. g3 Nb5 25. Rac1 Qc5 26. Rd3 Bb6
27. Rf1 Nxa3 28. Ng5 Nb1 29. Qf3 Na3 30. Qxf7+ Kh8 31. Qxh7# { Black
checkmated } 1-0

[Event "ICC tourney 2556 (25 5)"]
[Site "Internet Chess Club"]
[Date "2021.05.08"]
[Round "4"]
[White "PENG, JUSTIN:K05-17057952"]
[Black "JAIN, KANISHK:K05-16575412"]
[Result "0-1"]
[ICCResult "White checkmated"]
[WhiteElo "878"]
[BlackElo "537"]
[Opening "French: exchange variation"]
[ECO "C01"]
[NIC "FR.01"]
[Time "17:32:03"]
[PlyCount "52"]
[TimeControl "1500+5"]

1. e4 e6 2. d4 d5 3. exd5 exd5 4. Nc3 Nf6 5. Bd3 c5 6. Bb5+ Bd7 7. Bxd7+
Nbxd7 8. dxc5 Nxc5 9. Bg5 Nce4 10. Nxe4 dxe4 11. Ne2 Be7 12. O-O Qa5 13. c3
Qxg5 14. Qc2 Bd6 15. Ng3 Qh4 16. Rfe1 O-O 17. Rad1 Bc7 18. Re3 Bb6 19. Ree1
Ng4 20. Rxe4 Bxf2+ 21. Kf1 Qxh2 22. Rxg4 Bxg3 23. Rd3 Qh1+ 24. Ke2 Qxg2+
25. Kd1 Qf1+ 26. Kd2 Qe1# { White checkmated } 0-1

[Event "ICC tourney 2556 (25 5)"]
[Site "Internet Chess Club"]
[Date "2021.05.08"]
[Round "4"]
[White "MANU, SHASHANK:K05-16671710"]
[Black "KOTHAPALLI, ASHISH:K05-16185293"]
[Result "0-1"]
[ICCResult "White checkmated"]
[WhiteElo "535"]
[BlackElo "897"]
[Opening "Réti opening"]
[ECO "A04"]
[NIC "QP.11"]
[Time "17:31:50"]
[PlyCount "86"]
[TimeControl "1500+5"]

1. Nf3 Nc6 2. g3 d5 3. Bg2 g6 4. O-O Bg7 5. d3 e5 6. Nbd2 Nge7 7. Re1 Bf5
8. e4 dxe4 9. dxe4 Bg4 10. h3 Bd7 11. b3 Qc8 12. Kh2 O-O 13. Bb2 Nd4 14.
Nxd4 exd4 15. Nf3 c5 16. Rb1 Nc6 17. Ba3 b6 18. e5 Qa6 19. Qc1 Rfe8 20. Bb2
Rab8 21. a3 Nxe5 22. Nxe5 Bxe5 23. f4 Bg7 24. Rxe8+ Rxe8 25. Qd2 Qe2 26.
Rd1 Bc6 27. Qxe2 Rxe2 28. Rg1 Rxc2 29. Bc1 Bxg2 30. Rxg2 Rxc1 31. Re2 Rb1
32. Re8+ Bf8 33. Ra8 Rxb3 34. Rxa7 d3 35. Rd7 Rb2+ 36. Kg1 d2 37. Kf1 c4
38. f5 gxf5 39. Rd4 c3 40. Ke2 Rb1 41. Kd3 d1=Q+ 42. Kxc3 Rc1+ 43. Kb2 Qc2#
{ White checkmated } 0-1